 Dungeon Crawl Stone Soup version 0.31-a0-844-gdc52ec4e09 (webtiles) character file.

Game seed: 4333541457401889749

46 BinkBink the Insei (level 3, -1/24 HPs)
             Began as an Octopode Shapeshifter on Sept 28, 2023.
             Slain by a gnoll
             ... wielding a +0 halberd
              (12 damage)
             ... on level 2 of the Dungeon.
             The game lasted 00:01:16 (1120 turns).

BinkBink the Insei (Octopode Shapeshifter)          Turns: 1120, Time: 00:01:16

Health: -1/24      AC:  1    Str: 13    XL:     3   Next: 68%
Magic:  3/3        EV: 13    Int: 12    God:
Gold:   77         SH:  0    Dex: 13    Spells: 2/2 levels left

rFire   + .          .
                       - Unarmed
rCold   . . .        (no shield)
rNeg    . . .        (helmet currently unavailable)
rPois   .            (no amulet)
rElec   .            i - ring of protection from fire
rCorr   .            (no ring)
SInv    .            (no ring)
Will    .....        (no ring)
Stlth   +++          (no ring)
HPRegen 0.24/turn    (no ring)
MPRegen 0.08/turn    (no ring)
                     (no ring)

%: no passive effects
@: beast-form
A: beast (slay +1), almost no armour, amphibious, 8 rings, camouflage 1,
gelatinous body 1, (nimble swimmer 1), tentacles
a: Begin Untransformation


You were on level 2 of the Dungeon.
You were a hulking beast.
You visited 1 branch of the dungeon, and saw 2 of its levels.

You collected 77 gold pieces.

Inventory:

Jewellery
 i - a ring of protection from fire (left tentacle)
Talismans
 b - a beast talisman (active)
 c - a flux talisman
Scrolls
 d - a scroll of blinking {unknown}
 e - a scroll of amnesia {unknown}
 f - a scroll of enchant armour {unknown}
 g - a scroll of summoning {unknown}
 j - 2 scrolls of noise {unknown}
 k - a scroll of teleportation {unknown}
 l - a scroll of fear {unknown}
 p - a scroll of identify {unknown}
Potions
 a - a potion of lignification
 h - a potion of heal wounds {unknown}
 m - a potion of curing {unknown}
 n - a potion of cancellation {unknown}
 o - a potion of brilliance {unknown}


   Skills:
 + Level 1.6 Fighting
 + Level 2.4 Dodging
 + Level 1.6 Stealth
 + Level 3.3 Unarmed Combat
 * Level 3.3 Shapeshifting


You had 2 spell levels left.
You didn't know any spells.
Your spell library contained the following spells:

 Spells                   Type           Power      Damage    Failure   Level
 Poisonous Vapours        Pois/Air       0%         N/A       45%         2
 Mephitic Cloud           Conj/Pois/Air  0%         N/A       69%         3
 Freezing Cloud           Conj/Ice/Air   0%         6-21      100%        5


Dungeon Overview and Level Annotations

Branches:
Dungeon (2/15)

Altars:


Innate Abilities, Weirdness & Mutations

You are a hulking beast.
Your limbs bulge with bestial killing power. (Slay +1)
You cannot wear most types of armour.
You are amphibious.
You can wear up to eight rings at the same time.
Your skin changes colour to match your surroundings (Stealth+).
Your rubbery body absorbs attacks. (AC +1, EV +1)
((You are camouflaged when in or above water. (Stealth+)))
You have tentacles for arms and can constrict up to eight enemies at once.


Message History

No target in view!
A quokka comes into view.
A quokka is nearby!
A gnoll comes into view. It is wielding a +0 flail.
The helpless quokka fails to defend itself.
You tentacle-slap the quokka. Your grab misses the quokka.
You squeeze the quokka, but do no damage.
The quokka is moderately wounded.
The quokka barely misses you.
You tentacle-slap the quokka.
You kill the quokka!
The gnoll closely misses you.
You tentacle-slap the gnoll. You grab the gnoll.
The gnoll is moderately wounded.
You constrict the gnoll. The gnoll hits you with a +0 flail!
You tentacle-slap the gnoll.
The gnoll is heavily wounded.
You constrict the gnoll. The gnoll closely misses you.
You tentacle-slap the gnoll. x2; You squeeze the gnoll.
You kill the gnoll!
No target in view!
No target in view!
A gnoll comes into view. It is wielding a +0 spear.
Things that are here:
a +0 flail; a gnoll corpse A gnoll is nearby!
A gnoll is nearby!
A gnoll is nearby!
A gnoll comes into view. It is wielding a +0 halberd.
The gnoll shouts! x2
The gnoll hits you from afar with a +0 spear.
The gnoll hits you from afar with a +0 spear.
The gnoll hits you with a +0 halberd.
You are too injured to fight recklessly!
You are too injured to fight recklessly!
You are too injured to fight recklessly!
The gnoll barely misses you.
The gnoll hits you from afar with a +0 halberd!
Ouch! That really hurt!
You die...

##### ....# ###.#
###########
#.########†...h.g..#
###.........)..PPPP...#
.........#....PP.g.P.....
###..##..#....P.....P....
###..##.......P....PP....
.....###.#.#..PP..P....#.
####.# #.#.#..PPP..PP..#
# #.. ....#...PP.P....# #
#####.............#


You could see 2 gnolls.

Vanquished Creatures
  A gnoll (D:2)
  An adder (D:2)
  A worm (D:2)
  A dart slug (D:1)
  4 endoplasms (D:1)
  A goblin (D:2)
  A hobgoblin (D:1)
  2 kobolds
  2 quokkas
  3 ball pythons
  2 bats (D:1)
  A frilled lizard (D:1)
  2 rats (D:1)
22 creatures vanquished.

Notes
Turn   | Place    | Note
-------+----------+-------------------------------------------
     0 | D:1      | BinkBink the Octopode Shapeshifter began the quest for the
                  | Orb.
     0 | D:1      | Reached XP level 1. HP: 13/13 MP: 1/1
   281 | D:1      | Reached XP level 2. HP: 18/18 MP: 2/2
   303 | D:1      | Found a faded altar of an unknown god.
   380 | D:1      | Reached skill level 1 in Stealth
   736 | D:2      | Reached XP level 3. HP: 23/23 MP: 3/3
  1120 | D:2      | Slain by a gnoll

Illustrated notes

Levels and vault maps discovered:
D:1:      ncdulo_wetmaze, layout_loops_ring,
          shapermc_ecumenical_altar_mp_urbaneastern, nrook_uturn,
          nicolae_figureground_sparkle
D:2:      minmay_alternating_diamond, layout_loops_corners,
          nicolae_grassy_gnolls

Skill      XL: |  1  2 |
---------------+-------+-----
Stealth        | 1 |  1.6
Fighting       | |  1.6
Dodging        | |  2.4
Unarmed Combat | |  3.3
Shapeshifting  | |  3.3

Action                     || total
---------------------------++-------
  Melee: Unarmed           ||    38
         Constrict         ||    10
         Tentacles         ||     7
         Punch             ||     1
   Stab: Sleeping          ||     9
 Armour: Skin              ||    11
  Dodge: Dodged            ||    18

Table legend: (Time is in decaauts)
 A = Elapsed time spent in this place.
 B = Non-inter-level travel time spent in this place.
 C = Inter-level travel time spent in this place.
 D = Time resting spent in this place.
 E = Time spent auto-exploring this place.
 F = Levels seen in this place.
 G = Mean time per level.
                   A        B        C        D        E       F      G
               +--------+--------+--------+--------+--------+-----+--------+
         Total |   1117 |   1110 |      7 |      0 |    953 |   2 |  558.5 |
       Dungeon |   1117 |   1110 |      7 |      0 |    953 |   2 |  558.5 |
               +--------+--------+--------+--------+--------+-----+--------+

Top non-repeatable levels by time:
     D:1: 726 daAuts
     D:2: 390 daAuts
